 Dungeon Sprint DCSS version 0.27.1-1-g398f81649c (webtiles) character file.

Game seed: 9673688662355960135

3900000 szrap the Intangible (level 26, -129/221 HPs)
             Began as a Djinni Gladiator on Sept 15, 2021.
             Was the Champion of Makhleb.
             Annihilated by a sculptor of flesh (158 damage)
             ... in the Dungeon (Sprint VIII: "Arena of Blood").
             The game lasted 00:03:47 (39 turns).

szrap the Intangible (Djinni Gladiator)               Turns: 39, Time: 00:03:49

Health: -129/221   AC:  8    Str: 13    XL:     26   Next: 18%
Gold:   0          EV: 29    Int: 19    God:    Makhleb [******] SH:  0 Dex: 18

rFire    + + .     SeeInvis .   i - +∞ Axe of Woe
rCold    x . .     Faith    .   (shield currently unavailable)
rNeg     . . .     Spirit   .   a - +0 leather armour
rPois    ∞         Reflect  .   b - +0 helmet
rElec    .         Harm     .   (no cloak)
rCorr    .         Rampage  .   (no gloves)
Will     ++...     NoTele   +   (boots unavailable)
Stlth    +++++++++.             (no amulet)
HPRegen  0.46/turn              (no ring)
MPRegen  0.00/turn              (no ring)

@: flying
A: sickness immunity, fire resistance 2, cold vulnerability 1, float, innate
caster, hp casting, extra vitality 1
a: Renounce Religion, Minor Destruction, Lesser Servant of Makhleb, Major
Destruction, Greater Servant of Makhleb


You were in the Dungeon.
You worshipped Makhleb.
Makhleb was exalted by your worship.
You visited 1 branch

Inventory:

Hand Weapons
 i - the +∞ Axe of Woe (weapon)
   (You found it in the Dungeon)
Missiles
 c - 3 throwing nets (quivered)
Armour
 a - a +0 leather armour (worn)
 b - a +0 helmet (worn)
Scrolls
 h - a scroll of blinking
Potions
 d - a potion of curing
 e - a potion of heal wounds
 f - a potion of haste
 g - a potion of berserk rage


   Skills:
 O Level 27 Fighting
 + Level 10.5(12.2) Short Blades
 + Level 10.5(12.2) Long Blades
 O Level 27 Axes
 + Level 9.7(20.9) Maces & Flails
 + Level 9.6(20.9) Polearms
 + Level 10.5(13.6) Staves
 + Level 9.6(20.3) Slings
 + Level 9.6 Bows
 + Level 9.6 Crossbows
 O Level 27 Throwing
 O Level 27 Armour
 O Level 27 Dodging
 O Level 27 Stealth
 + Level 11.3 Shields
 O Level 27 Unarmed Combat
 O Level 27 Spellcasting
 O Level 27 Invocations
 + Level 11.3 Evocations


You had 19 spell levels left.
You knew the following spells:

 Your Spells              Type           Power      Damage    Failure   Level
a - Sting                 Tmut/Pois      100%       1d8       0%          1
b - Call Imp              Summ           91%        N/A       0%          2
c - Searing Ray           Conj           100%       3d7       0%          2
d - Ozocubu's Armour      Ice            91%        N/A       0%          3
e - Fireball              Conj/Fire      45%        3d18      0%          5
f - Metabolic Englaciati  Hex/Ice        45%        N/A       0%          5
g - Dispersal             Tloc           45%        N/A       0%          6
h - Spellforged Servitor  Conj/Summ      45%        N/A       1%          7
i - Death Channel         Necr           45%        N/A       0%          6
j - Monstrous Menagerie   Summ           45%        N/A       1%          7
k - Summon Hydra          Summ           45%        N/A       1%          7
l - Dragon's Call         Summ           45%        N/A       2%          9
Your spell library was empty.

Dungeon Overview and Level Annotations

Branches:
Dungeon (1/1)

Altars:
Makhleb

Annotations:
D The Servant


Innate Abilities, Weirdness & Mutations

You are immune to sickness and miasma.
You are immune to poison.
Your flesh is very heat resistant. (rF++)
You are vulnerable to cold. (rC-)
You float through the air rather than walking.
You learn spells naturally, not from books.
Your magical power is your life essence.
You have superior vitality. (+4 HP)


Message History

You feel better.
You hit the bag of meat.
You dissect the bag of meat like a pig carcass.
You kill the bag of meat!
Makhleb accepts your kill.
You feel better.
You slash the bag of meat!
You cleave the bag of meat in twain.
You kill the bag of meat!
Makhleb accepts your kill.
You feel better.
You hear a shout! x2
The eight-headed meat hydra calls on the powers of darkness!
The eight-headed meat hydra convulses!
Your body is wracked with pain!
The bag of meat convulses! x3; The large bag of meat convulses!
Flame seeps out of the large bag of meat.
The bag of meat convulses! x2; The Servant convulses!
The bag of meat convulses! x7
The large bag of meat convulses!
Flame seeps out of the large bag of meat.
The Servant hits you from afar with a +9 glaive of flaming!!!
* * * LOW HITPOINT WARNING * * *
The Servant burns you.
* * * LOW HITPOINT WARNING * * *
You hear a shout! x3
The large bag of meat is engulfed in blazing flames.
Your base Short Blades skill increases to level 10!
Your base Long Blades skill increases to level 10!
Your base Staves skill increases to level 10!
Your Shields skill increases to level 11!
Your Evocations skill increases to level 11!
Press: ? - help, Shift-Dir - straight line, f - destroyer
Aim: a destroyer, wielding a +9 vorpal great sword and wearing a +200 ring of slaying The bolt of negative energy misses the destroyer.
The destroyer appears out of thin air!
A destroyer comes into view. It is wielding a +9 vorpal great sword.
The destroyer appears out of thin air!
A destroyer comes into view. It is wielding a +9 vorpal great sword.
You hear a shout!
The large bag of meat is engulfed in blazing flames.
The sculptor of flesh hits you with a +9 great sword!!!!!
Ouch! That really hurt!
You die...

...........V
...........
...........
..........
#..ooo..#
#...@..V# ..
.###.V.oooo###...
......###@).D....
.......ozO)z.....
....#..o°o#......
. #_o<.o#......
#.oO.z# .....
..o.○_.........
.....°###........
.###.. ...###...
#.. ...#


You could see The Servant, an eight-headed meat hydra, 3 destroyers, 3 sculptors
of flesh, 2 large bags of meat and 14 bags of meat.

Vanquished Creatures
  4 vampire knights (D)
  12 ogres (D)
  21 orcs (D)
37 creatures vanquished.

Notes
Turn   | Place    | Note
-------+----------+-------------------------------------------
     0 | D        | Found the +∞ Axe of Woe
     0 | D        | szrap the Djinni Gladiator began the quest for the Orb.
     0 | D        | Reached XP level 1. HP: 18/18 MP: 0/0
     0 | D        | Noticed a meat berserker
     2 | D        | Noticed a meat berserker
     3 | D        | Noticed a bag of meat
     4 | D        | Killed a meat berserker
     4 | D        | Noticed a bag of meat
     4 | D        | Noticed a bag of meat
     4 | D        | Noticed a bag of meat
     5 | D        | Reached skill level 10 in Throwing
     5 | D        | Reached XP level 2. HP: 39/39 MP: 0/0
     5 | D        | Reached XP level 3. HP: 44/44 MP: 0/0
     5 | D        | Learned a level 1 spell: Sting
     5 | D        | Reached XP level 4. HP: 50/50 MP: 0/0
     5 | D        | Reached XP level 5. HP: 56/56 MP: 0/0
     5 | D        | Learned a level 2 spell: Call Imp
     5 | D        | Reached XP level 6. HP: 62/62 MP: 0/0
     5 | D        | Reached XP level 7. HP: 67/67 MP: 0/0
     5 | D        | Learned a level 2 spell: Searing Ray
     5 | D        | Reached XP level 8. HP: 73/73 MP: 0/0
     5 | D        | Reached XP level 9. HP: 78/78 MP: 0/0
     5 | D        | Learned a level 3 spell: Ozocubu's Armour
     5 | D        | Reached XP level 10. HP: 85/85 MP: 0/0
     5 | D        | Reached XP level 11. HP: 90/90 MP: 0/0
     5 | D        | Learned a level 5 spell: Fireball
     5 | D        | Reached XP level 12. HP: 96/96 MP: 0/0
     5 | D        | Reached XP level 13. HP: 102/102 MP: 0/0
     5 | D        | Learned a level 5 spell: Metabolic Englaciation
     5 | D        | Killed a bag of meat
     5 | D        | Noticed a bag of meat
     5 | D        | Noticed a bag of meat
     6 | D        | Reached skill level 5 in Axes
     6 | D        | Reached XP level 14. HP: 44/110 MP: 0/0
     6 | D        | Killed a meat berserker
     7 | D        | Reached skill level 15 in Fighting
     7 | D        | Reached XP level 15. HP: 49/120 MP: 0/0
     7 | D        | Learned a level 6 spell: Dispersal
     9 | D        | Reached skill level 10 in Axes
     9 | D        | Reached skill level 27 in Dodging
     9 | D        | Reached XP level 16. HP: 53/129 MP: 0/0
     9 | D        | Noticed a meat berserker
    11 | D        | Reached skill level 15 in Axes
    11 | D        | Reached skill level 15 in Throwing
    11 | D        | Reached skill level 27 in Unarmed Combat
    11 | D        | Reached XP level 17. HP: 59/141 MP: 0/0
    11 | D        | Learned a level 7 spell: Spellforged Servitor
    13 | D        | Became a worshipper of Makhleb the Destroyer
    14 | D        | Noticed a meat berserker
    15 | D        | Killed a meat berserker
    16 | D        | Reached XP level 18. HP: 29/153 MP: 0/0
    16 | D        | Killed a meat berserker
    16 | D        | Reached * piety under Makhleb
    19 | D        | Reached XP level 19. HP: 33/166 MP: 0/0
    19 | D        | Learned a level 6 spell: Death Channel
    21 | D        | Noticed a meat berserker
    21 | D        | Noticed a meat berserker
    23 | D        | Noticed a meat berserker
    24 | D        | Reached ** piety under Makhleb
    24 | D        | Noticed a meat berserker
    25 | D        | Noticed The Servant
    25 | D        | Noticed a meat berserker
    25 | D        | Noticed a meat berserker
    26 | D        | Noticed a destroyer
    27 | D        | Reached XP level 20. HP: 63/178 MP: 0/0
    27 | D        | Killed a destroyer
    27 | D        | Noticed a meat berserker
    27 | D        | Noticed an eight-headed meat hydra
    28 | D        | Reached skill level 27 in Fighting
    28 | D        | Reached skill level 27 in Axes
    28 | D        | Reached *** piety under Makhleb
    28 | D        | Noticed a destroyer
    28 | D        | Noticed a meat berserker
    29 | D        | Reached skill level 10 in Armour
    29 | D        | Killed a meat berserker
    29 | D        | Killed a meat berserker
    29 | D        | Reached **** piety under Makhleb
    29 | D        | Noticed a large bag of meat
    30 | D        | Reached skill level 15 in Stealth
    30 | D        | Reached XP level 21. HP: 179/187 MP: 0/0
    30 | D        | Learned a level 7 spell: Monstrous Menagerie
    30 | D        | Reached XP level 22. HP: 185/194 MP: 0/0
    30 | D        | Killed a meat berserker
    30 | D        | Killed a meat berserker
    31 | D        | Reached skill level 27 in Throwing
    31 | D        | Noticed a destroyer
    31 | D        | Killed a meat berserker
    31 | D        | Reached ***** piety under Makhleb
    32 | D        | Reached XP level 23. HP: 101/201 MP: 0/0
    32 | D        | Learned a level 7 spell: Summon Hydra
    32 | D        | Noticed a destroyer
    32 | D        | Noticed a destroyer
    34 | D        | Noticed a large bag of meat
    35 | D        | Reached skill level 27 in Stealth
    35 | D        | Reached skill level 27 in Invocations
    35 | D        | Reached XP level 24. HP: 165/208 MP: 0/0
    35 | D        | Killed a destroyer
    35 | D        | Killed a destroyer
    35 | D        | Reached ****** piety under Makhleb
    35 | D        | Killed a destroyer
    36 | D        | Reached skill level 27 in Armour
    36 | D        | Reached skill level 27 in Spellcasting
    36 | D        | Reached XP level 25. HP: 108/214 MP: 0/0
    36 | D        | Learned a level 9 spell: Dragon's Call
    38 | D        | Reached skill level 10 in Shields
    38 | D        | Reached skill level 10 in Evocations
    38 | D        | Reached XP level 26. HP: 86/221 MP: 0/0
    39 | D        | Reached skill level 10 in Short Blades
    39 | D        | Reached skill level 10 in Long Blades
    39 | D        | Reached skill level 10 in Staves
    39 | D        | Annihilated by a sculptor of flesh

Illustrated notes

Levels and vault maps discovered:
D:        meatsprint

Skill      XL: |  1  2  3  4  5  6  7  8  9 10 11 12 13 14 15 16 17 18 19 20 21 22 23 24 25 26 |
---------------+-------------------------------------------------------------------------------+-----
Fighting       | 12 13 15 16 19 21 24 26 27 | 27.0
Axes           | 4 5 7 10 15 18 22 25 27 | 27.0
Throwing       | 10 11 12 13 15 17 19 21 26 27 | 27.0
Dodging        | 21 22 25 27 | 27.0
Unarmed Combat | 20 21 23 25 27 | 27.0
Armour         | 2 4 6 7 11 12 13 27 | 27.0
Stealth        | 15 23 27 | 27.0
Spellcasting   | 13 19 23 27 | 27.0
Invocations    | 16 24 27 | 27.0
Short Blades   | 9 10 | 10.5
Long Blades    | 9 10 | 10.5
Maces & Flails | 9 |  9.7
Polearms       | 9 |  9.6
Staves         | 9 10 | 10.5
Slings         | 9 |  9.6
Bows           | 9 |  9.6
Crossbows      | 9 |  9.6
Shields        | 10 11 | 11.3
Evocations     | 10 11 | 11.3

Action                   |  1- 3 |  4- 6 |  7- 9 | 10-12 | 13-15 | 16-18 | 19-21 | 22-24 | 25-27 || total
-------------------------+-------+-------+-------+-------+-------+-------+-------+-------+-------++-------
Melee: Executioner's axe |     1 |       |       |       |     3 |     4 |     6 |     5 |     3 ||    22
 Cast: Dispersal         |       |       |       |       |       |       |       |     1 |       ||     1
Invok: Major Destruction |       |       |       |       |       |       |       |       |     1 ||     1
 Stab: Confused          |       |       |       |       |       |       |       |     1 |       ||     1
Dodge: Dodged            |       |       |       |       |       |       |       |     1 |       ||     1
